 Dungeon Crawl Stone Soup version 0.23.0 (webtiles) character file.

Game seed: 13538235004322259158

1685 Laan the Destroyer (level 8, -1/53 HPs)
             Began as a Mummy Fire Elementalist on Feb 12, 2019.
             Was a Believer of Vehumet.
             Slain by Harold
             ... wielding a +0 flail
              (12 damage)
             ... on level 7 of the Dungeon.
             The game lasted 00:31:50 (7209 turns).

Laan the Destroyer (Mummy Fire Elementalist)        Turns: 7209, Time: 00:31:51

Health: -1/53      AC:  5    Str: 12    XL:     8   Next: 71%
Magic:  4/18       EV: 12    Int: 16    God:    Vehumet [**....]
Gold:   273        SH:  6    Dex: 12    Spells: 6/20 levels left

rFire    . . .     SeeInvis +   a - staff of fire
rCold    + . .     Gourm    .   (no shield)
rNeg     + + +     Faith    .   n - +0 robe {MR+}
rPois    ∞         Spirit   .   (no helmet)
rElec    .         Reflect  +   s - +1 cloak {MR+}
rCorr    .         Harm     .   (no gloves)
MR       +++..                  q - +0 pair of boots
Stlth    ++........             j - +6 amulet of reflection
HPRegen  0.17/turn              d - ring of wizardry
MPRegen  0.16/turn              u - ring of see invisible

@: very slightly contaminated
A: no food or potions, fire vulnerability, cold resistance 1, negative energy
resistance 3, torment resistance, unbreathing
a: Renounce Religion


You were on level 7 of the Dungeon.
You worshipped Vehumet.
Vehumet was pleased with you.
You were not hungry.

You visited 1 branch of the dungeon, and saw 7 of its levels.

You collected 273 gold pieces.

Inventory:

Hand Weapons
 b - a +3 blowgun
 g - a +0 club
 h - a +0 short sword
 r - a +4 quarterstaff of chaos
Missiles
 c - 27 poisoned needles
 e - 7 curare-tipped needles (quivered) {!f}
Armour
 n - a +0 robe of magic resistance (worn)
 q - a +0 pair of boots (worn)
 s - a +1 cloak of magic resistance (worn)
Magical Staves
 a - an uncursed staff of fire (weapon)
Jewellery
 d - a ring of wizardry (left hand)
 j - a +6 amulet of reflection (around neck)
 k - a +3 ring of dexterity
 u - a ring of see invisible (right hand)
Wands
 i - a wand of enslavement (3)
Scrolls
 f - 4 scrolls of teleportation
 l - 3 scrolls of magic mapping {unknown}
 m - 2 scrolls of amnesia {unknown}
 o - 2 scrolls of noise {unknown}
 p - 5 scrolls of identify
 t - a scroll of fog {unknown}
 v - a scroll of enchant weapon {unknown}
 w - a scroll of remove curse


   Skills:
 + Level 0.7 Fighting
 - Level 1.5 Dodging
 - Level 1.5 Stealth
 + Level 6.9 Spellcasting
 * Level 8.1 Conjurations
 + Level 2.5 Fire Magic


You had 6 spell levels left.
You knew the following spells:

 Your Spells              Type           Power        Failure   Level  Hunger
a - Flame Tongue          Conj/Fire      ####.        1%          1    N/A
b - Magic Dart            Conj           ####         1%          1    N/A
c - Sticky Flame          Conj/Fire      ####....     6%          4    N/A
d - Conjure Flame         Conj/Fire      ####....     1%          3    N/A
e - Fireball              Conj/Fire      ####......   16%         5    N/A

Your spell library contained the following spells:

 Spells                   Type           Power        Failure   Level  Hunger
 Ignite Poison            Fire/Tmut/Pois ##......     11%         3    N/A
 Throw Flame              Conj/Fire      ####..       1%          2    N/A
 Confusing Touch          Hex            #.....       5%          1    N/A
 Inner Flame              Hex/Fire       ##......     9%          3    N/A
 Confuse                  Hex            #.......     16%         3    N/A
 Gell's Gravitas          Tloc           #.........   16%         3    N/A
 Petrify                  Tmut/Erth      #.......     43%         4    N/A
 Metabolic Englaciation   Hex/Ice        #.........   77%         5    N/A
 Yara's Violent Unravell  Hex/Tmut       #.........   77%         5    N/A

Dungeon Overview and Level Annotations

Branches:
Dungeon (7/15)             Temple (0/1) D:6

Altars:
Dithmenos
Elyvilon
Fedhas
Gozag
Makhleb
Okawaru
Uskayaw
Vehumet
The Shining One

Shops:
D:4 =

Annotations:
D:2 Grinder
D:7 Harold


Innate Abilities, Weirdness & Mutations

You do not eat or drink.
Your flesh is vulnerable to fire.
You are immune to poison.
Your flesh is cold resistant. (rC+)
You are immune to negative energy. (rN+++)
You are immune to unholy pain and torment.
You can survive without breathing.


Message History

You struggle to resist.
Harold burns!
Harold burns!
Harold hits you with a +0 flail!
Harold burns!
Harold stops burning.
Harold points at you and mumbles some strange words.
The harpoon shot hits you!
* * * LOW HITPOINT WARNING * * *
You are yanked forward by the harpoon shot.
There is a stone staircase leading up here.
Casting: Sticky Flame (safe; 6% risk of failure)
Confirm with . or Enter, or press ? or * to list all spells.
Aiming: Sticky Flame (safe; 6% risk of failure)
Press: ? - help, Shift-Dir - straight line, f/p - Harold
Aim: Harold, wielding a +0 flail and wearing a +2 scale mail of fire resistance (moderately wounded, poisoned)
You feel a surge of power!
The sticky flame hits Harold but does no damage.
Harold is moderately wounded.
Harold is covered in liquid flames!
Harold burns!
Harold hits you with a +0 flail!
You die...

. .. ...
##### ....
##...# ....
##$...##..#
#...@@.$#
#.!.....#
#...(...#
#........#
#........#
#.....(..#
#.......(.#
....#.....(#
..#####.....


You could see Harold (burning).

Vanquished Creatures
  Sigmund (D:3)
  An ice beast (D:6)
  A sky beast (D:5)
  2 centaurs
  An ogre (D:4)
  A bullfrog (D:6)
  2 scorpions (D:6)
  A howler monkey (D:4)
  2 crimson imps
  2 hounds (D:5)
  A jelly (D:6)
  2 orc wizards
  Crazy Yiuf (D:3)
  2 orc priests
  5 iguanas
  Terence (D:3)
  Jessica (D:3)
  4 worker ants
  A killer bee zombie (D:5)
  A hound skeleton (D:4)
  A worker ant zombie (D:5)
  5 adders
  4 gnolls
  A shadow imp (D:6)
  2 oozes
  An adder zombie (D:5)
  4 dart slugs
  2 worms
  5 leopard geckos
  23 orcs
  7 bats
  8 giant cockroaches
  6 goblins
  9 hobgoblins
  11 jackals
  3 quokkas
  A ball python (D:2)
  4 frilled lizards
  9 kobolds
  4 rats
143 creatures vanquished.

Notes
Turn   | Place    | Note
-------+----------+-------------------------------------------
     0 | D:1      | Laan the Mummy Fire Elementalist began the quest for the
                  | Orb.
     0 | D:1      | Reached XP level 1. HP: 13/13 MP: 4/4
    10 | D:1      | Reached skill level 1 in Conjurations
   191 | D:1      | Reached XP level 2. HP: 19/19 MP: 2/5
   589 | D:1      | Reached skill level 2 in Conjurations
  1203 | D:2      | Reached XP level 3. HP: 20/24 MP: 0/7
  1606 | D:2      | Reached skill level 3 in Conjurations
  1803 | D:2      | Found a shadowy altar of Dithmenos.
  1942 | D:2      | Found a radiant altar of Vehumet.
  1951 | D:2      | Became a worshipper of Vehumet
  1956 | D:2      | Learned a level 3 spell: Conjure Flame
  2011 | D:2      | Reached XP level 4. HP: 30/30 MP: 4/8
  2203 | D:3      | Noticed Jessica
  2211 | D:3      | Killed Jessica
  2370 | D:3      | Found an iron altar of Okawaru.
  2416 | D:3      | Reached skill level 4 in Conjurations
  2569 | D:3      | Noticed Terence
  2583 | D:3      | Killed Terence
  2583 | D:3      | Reached XP level 5. HP: 35/35 MP: 7/9
  2587 | D:3      | Reached * piety under Vehumet
  2587 | D:3      | Offered knowledge of Sandblast by Vehumet.
  2669 | D:3      | Noticed Grinder
  2687 | D:2      | Learned a level 4 spell: Sticky Flame
  2996 | D:3      | Noticed Sigmund
  3294 | D:3      | Found a white marble altar of Elyvilon.
  3516 | D:3      | Found a hide-covered altar of Uskayaw.
  3551 | D:3      | Found a runed translucent door.
  3552 | D:3      | Noticed Crazy Yiuf
  3560 | D:3      | Killed Crazy Yiuf
  3560 | D:3      | Reached skill level 5 in Conjurations
  3560 | D:3      | Reached XP level 6. HP: 26/41 MP: 1/10
  3709 | D:3      | Killed Sigmund
  3976 | D:4      | Found Wingir's Jewellery Shop.
  4146 | D:4      | Reached XP level 7. HP: 26/46 MP: 7/13
  4317 | D:4      | Reached skill level 6 in Conjurations
  4699 | D:4      | Reached ** piety under Vehumet
  4699 | D:4      | Offered knowledge of Magic Dart by Vehumet.
  4745 | D:4      | Learned a level 1 spell: Magic Dart
  4751 | D:4      | Learned a level 5 spell: Fireball
  4860 | D:4      | Found a glowing golden altar of the Shining One.
  5009 | D:4      | Found a blossoming altar of Fedhas.
  5012 | D:4      | Reached skill level 5 in Spellcasting
  5112 | D:4      | Found a burning altar of Makhleb.
  5314 | D:5      | Entered Level 5 of the Dungeon
  5521 | D:5      | Reached skill level 7 in Conjurations
  5521 | D:5      | Reached XP level 8. HP: 50/52 MP: 4/16
  6363 | D:6      | Found an opulent altar of Gozag.
  6715 | D:6      | Offered knowledge of Ignite Poison by Vehumet.
  6787 | D:6      | Reached skill level 8 in Conjurations
  6900 | D:6      | Found a staircase to the Ecumenical Temple.
  7182 | D:7      | Noticed Harold
  7209 | D:7      | Slain by Harold

Skill      XL: |  1  2  3  4  5  6  7  8 |
---------------+-------------------------+-----
Conjurations   | 1 2 3 4 5 7 8 |  8.1
Spellcasting   | 4 5 6 |  6.9
Fighting       | |  0.7
Dodging        | |  1.5
Stealth        | |  1.5
Fire Magic     | |  2.5

Action                   |  1- 3 |  4- 6 |  7- 9 || total
-------------------------+-------+-------+-------++-------
Melee: Staff             |     6 |     2 |    22 ||    30
 Fire: Blowgun           |       |    13 |     6 ||    19
 Cast: Flame Tongue      |    79 |    75 |   117 ||   271
       Sticky Flame      |       |     3 |    12 ||    15
       Conjure Flame     |       |     1 |       ||     1
       Magic Dart        |       |       |    50 ||    50
  Use: Scroll            |     4 |     1 |       ||     5
Armor: Robe              |    13 |     4 |    18 ||    35
Dodge: Dodged            |    33 |    10 |    43 ||    86
Block: Other             |       |     9 |    24 ||    33
       Reflection        |       |     3 |     2 ||     5
